WCHLSIM.com - West Coast Hockey League
html PUBLIC "-//W3C//DTD XHTML 1.0 Transitional//EN" "http://www.w3.org/TR/xhtml1/DTD/xhtml1-transitional.dtd"> WCHL - Game 175 - ANAHEIM OUTLAWS vs SACRAMENTO BANDITS

ANAHEIM OUTLAWS vs SACRAMENTO BANDITS

Created - 6 novembre 2022 at 21:44

Goals
1 2 3 T
ANAHEIM OUTLAWS 0 2 2 4
SACRAMENTO BANDITS 1 0 1 2
Shots
1 2 3 T
ANAHEIM OUTLAWS 6 7 11 24
SACRAMENTO BANDITS 8 7 8 23

1st period

1. SACRAMENTO BANDITS , John Carlson 1 (Aleksander Barkov 5, Alexander DeBrincat 2) at 18:33

Penalties :
Patrice Bergeron (SAC) for Interference (Minor) at 4:16, Niko Mikkola (SAC) for Hooking (Minor) at 6:18, Henri Jokiharju (ANA) for Tripping (Minor) at 12:21

2nd period

2. ANAHEIM OUTLAWS , Adrian Kempe 8 (Morgan Rielly 5, Sam Bennett 11) at 5:54
3. ANAHEIM OUTLAWS , Thomas Hickey 1 (Pierre Engvall 5, Pius Suter 6) at 17:08

Penalties :
Patrice Bergeron (SAC) for High sticking (Minor) at 4:23, Zack MacEwen (ANA) for Hooking (Minor) at 4:23, Zdeno Chara (SAC) for Hooking (Minor) at 9:05, Dylan Coghlan (ANA) for Holding (Minor) at 14:32

3rd period

4. ANAHEIM OUTLAWS , Evgeny Kuznetsov 5 (Henri Jokiharju 1) at 1:44
5. SACRAMENTO BANDITS , Aleksander Barkov 5 (Brent Burns 7) at 3:28
6. ANAHEIM OUTLAWS , Kevin Fiala 9 (Adrian Kempe 6, Morgan Rielly 6) at 14:40

Penalties :
Zack MacEwen (ANA) for Holding (Minor) at 9:55

Goalie Stats

Mackenzie Blackwood (ANA), 21 saves from 23 shots - (0,913), W, 2-0-0, 60:00 minutes
Jaroslav Halak (SAC), 20 saves from 24 shots - (0,833), L, 1-1-0, 60:00 minutes

Players Stats for ANAHEIM OUTLAWS

Player Name              G  A  P  +/- PIM S  H  SB GA TA FO     MP     PP MP  PK MP  
------------------------------------------------------------------------------------
Adrian Kempe             1  1  2   2  0   2  4  0  0  0  1/2    20:48   3:02   3:00 
Ben Gleason              0  0  0  -1  0   0  2  0  0  0  0/0    18:42   0:10   2:53 
Dylan Coghlan            0  0  0   2  2   0  1  1  0  0  0/0    16:02   2:44   0:33 
Evgeny Kuznetsov         1  0  1   1  0   6  0  0  0  0  14/28  21:41   3:02   3:14 
Henri Jokiharju          0  1  1   1  2   0  2  2  0  0  0/0    22:51   3:03   1:19 
Jack Quinn               0  0  0   1  0   1  0  0  0  0  0/1    13:12   0:00   0:21 
Jeff Skinner             0  0  0  -1  0   0  0  0  0  0  1/1    15:41   2:55   0:27 
Kent Johnson             0  0  0   0  0   2  0  0  0  0  0/1     7:30   0:39   0:00 
Kevin Fiala              1  0  1   1  0   4  0  1  0  0  1/1    14:06   0:00   0:00 
Michael Bunting          0  0  0  -1  0   1  1  0  0  0  1/1    19:17   2:55   2:44 
Michael Rasmussen        0  0  0   0  0   1  0  0  0  0  4/10    9:14   2:23   0:00 
Morgan Rielly            0  2  2   0  0   1  1  3  0  0  0/0    24:03   2:54   2:53 
Noah Hanifin             0  0  0   1  0   0  1  0  0  0  0/0    24:35   3:03   2:37 
Pierre Engvall           0  1  1   1  0   1  0  1  0  0  0/0    12:51   0:00   0:00 
Pius Suter               0  1  1   1  0   1  2  0  0  0  8/12   12:51   0:00   0:00 
Sam Bennett              0  1  1   0  0   3  2  0  0  0  5/14   18:10   2:55   2:16 
Thomas Hickey            1  0  1   1  0   1  0  1  0  0  0/0    13:37   0:00   1:31 
Zack MacEwen             0  0  0   0  4   0  2  0  0  0  0/0     6:49   0:00   0:00 

Players Stats for SACRAMENTO BANDITS

Player Name              G  A  P  +/- PIM S  H  SB GA TA FO     MP     PP MP  PK MP  
------------------------------------------------------------------------------------
Aleksander Barkov        1  1  2   0  0   2  1  0  0  0  14/25  24:49   2:52   3:26 
Alexander DeBrincat      0  1  1   0  0   4  1  0  0  0  0/1    21:36   3:05   0:00 
Brent Burns              0  1  1   0  0   0  0  3  0  0  0/0    26:11   2:51   3:22 
Cal Clutterbuck          0  0  0  -1  0   1  0  0  0  0  0/1     4:29   0:00   0:00 
Carter Verhaeghe         0  0  0   0  0   2  0  1  0  0  0/1    14:31   3:06   0:00 
Colton Sissons           0  0  0   0  0   0  3  0  0  0  0/1    12:28   0:00   1:03 
John Carlson             1  0  1   0  0   3  0  1  0  0  0/0    26:11   2:51   3:22 
Jonathan Huberdeau       0  0  0  -1  0   6  0  0  0  0  0/4    19:34   2:52   3:29 
Max Pacioretty           0  0  0   1  0   0  0  1  0  0  0/3    23:01   3:05   2:28 
Mikhail Sergachev        0  0  0  -2  0   0  1  2  0  0  0/0    22:25   3:06   2:35 
Nicolas Aube-Kubel       0  0  0  -1  0   0  1  0  0  0  1/4     4:29   0:00   0:00 
Niko Mikkola             0  0  0   0  2   0  2  0  0  0  0/0    12:01   0:00   0:38 
Patrice Bergeron         0  0  0  -1  4   3  1  0  0  0  15/20  17:44   3:05   1:28 
Phil Kessel              0  0  0  -1  0   0  0  0  0  0  1/2    16:05   2:52   0:00 
Ryan Getzlaf             0  0  0   0  0   2  2  0  0  0  5/9    11:53   0:00   0:00 
Ryan Lomberg             0  0  0  -1  0   0  2  0  0  0  0/0     4:29   0:00   0:00 
Trevor van Riemsdyk      0  0  0   0  0   0  0  1  0  0  0/0    11:24   0:00   0:00 
Zdeno Chara              0  0  0  -2  2   0  2  0  0  0  0/0    18:40   0:00   1:57 

3 Stars

1 - Adrian Kempe (ANA)
2 - Kevin Fiala (ANA)
3 - Thomas Hickey (ANA)

Power Play

ANAHEIM OUTLAWS - 0 on 3 Attempt(s) - 0,00%
SACRAMENTO BANDITS - 0 on 3 Attempt(s) - 0,00%

Penalty Kill

ANAHEIM OUTLAWS - 3 on 3 Attempt(s) - 100,00% - Score 0 goal in Penalty Kill
SACRAMENTO BANDITS - 3 on 3 Attempt(s) - 100,00% - Score 0 goal in Penalty Kill

Team Stat

ANAHEIM OUTLAWS - Hits : 18 - Faceoff Wins : 35 - Blocked Shots : 9 - Penalty Minutes : 8
SACRAMENTO BANDITS - Hits : 16 - Faceoff Wins : 36 - Blocked Shots : 9 - Penalty Minutes : 8

Official

Referees : Terry Koharski and Dave Lewis
Linesman : Glen Cooke and Bryan Pancich

Game Notes

No Game Note

Finance

Level 1 -- Attendance: 6205 (100,00%) -- Ticket Income 992 800 $
Level 2 -- Attendance: 3817 (72,29%) -- Ticket Income 534 380 $
Level 3 -- Attendance: 1568 (73,44%) -- Ticket Income 188 160 $
Level 4 -- Attendance: 3223 (75,30%) -- Ticket Income 290 070 $
Luxury Box -- Attendance: 998 (98,81%) -- Ticket Income 299 400 $
Game was played at the Sacramento Center Palace.
Total Attendance: 15811 (83,61%)
Total Ticket Income: 2 304 810 $
Other Expense: 23 048 $
Total Income: 2 281 762 $

ANAHEIM OUTLAWS

5 vs 5 Forward 
   Center                   Left Wing                Right Wing               Time % Phy DF OF 
 1 Evgeny Kuznetsov         Kevin Fiala              Adrian Kempe             36     1   2  2  
 2 Sam Bennett              Jeff Skinner             Michael Bunting          31     1   2  2  
 3 Pius Suter               Jack Quinn               Pierre Engvall           23     1   2  2  
 4 Michael Rasmussen        Kent Johnson             Zack MacEwen             10     1   2  2  

5 vs 5 Defense 
   Defense                  Defense                                           Time % Phy DF OF 
 1 Morgan Rielly            Ben Gleason                                       36     1   2  2  
 2 Noah Hanifin             Henri Jokiharju                                   31     1   2  2  
 3 Thomas Hickey            Dylan Coghlan                                     23     1   2  2  
 4 Morgan Rielly            Noah Hanifin                                      10     1   2  2  

PowerPlay Forward 
   Center                   Left Wing                Right Wing               Time % Phy DF OF 
 1 Evgeny Kuznetsov         Michael Rasmussen        Adrian Kempe             55     1   2  2  
 2 Sam Bennett              Jeff Skinner             Michael Bunting          45     1   2  2  

PowerPlay Defense
   Defense                  Defense                                           Time % Phy DF OF 
 1 Morgan Rielly            Dylan Coghlan                                     55     1   2  2  
 2 Noah Hanifin             Henri Jokiharju                                   45     1   2  2  

Penalty Kill 4 Players Forward 
   Center                   Wing                     Time % Phy DF OF 
 1 Evgeny Kuznetsov         Michael Bunting          55     1   2  2  
 2 Sam Bennett              Adrian Kempe             45     1   2  2  

Penalty Kill 4 Players Defense
   Defense                  Defense                  Time % Phy DF OF 
 1 Morgan Rielly            Ben Gleason              55     1   2  2  
 2 Noah Hanifin             Henri Jokiharju          45     1   2  2  

Penalty Kill - 3 Players Forward 
   Forward                                           Time % Phy DF OF 
 1 Adrian Kempe                                      55     1   2  2  
 2 Sam Bennett                                       45     1   2  2  

Penalty Kill - 3 Players Defense
   Defense                  Defense                  Time % Phy DF OF 
 1 Morgan Rielly            Ben Gleason              55     1   2  2  
 2 Noah Hanifin             Henri Jokiharju          45     1   2  2  

4 vs 4 Forward 
   Center                   Wing                     Time % Phy DF OF 
 1 Evgeny Kuznetsov         Michael Bunting          55     1   2  2  
 2 Sam Bennett              Adrian Kempe             45     1   2  2  

4 vs 4 Defense
   Defense                  Defense                  Time % Phy DF OF 
 1 Morgan Rielly            Dylan Coghlan            55     1   2  2  
 2 Noah Hanifin             Henri Jokiharju          45     1   2  2  

Last Minutes Offensive
   Center                   Left Wing                Right Wing               Defense                  Defense                  
   Evgeny Kuznetsov         Jeff Skinner             Adrian Kempe             Morgan Rielly            Ben Gleason              

Last Minutes Defensive
   Center                   Left Wing                Right Wing               Defense                  Defense                  
   Sam Bennett              Kevin Fiala              Adrian Kempe             Morgan Rielly            Ben Gleason              

Goaltenders
Starting : Mackenzie Blackwood      
Backup : Robin Lehner             

Extra Forwards
Normal : Michael Rasmussen, Kent Johnson, Jeff Skinner - PP : Michael Rasmussen, Kent Johnson - PK : Jeff Skinner
Extra Defensemen
Normal : Morgan Rielly, Dylan Coghlan, Noah Hanifin - PP : Morgan Rielly - PK : Dylan Coghlan, Noah Hanifin
Penalty Shots
Evgeny Kuznetsov, Jeff Skinner, Sam Bennett, Adrian Kempe, Michael Bunting
Custom OT Lines Forwards
Evgeny Kuznetsov, Kent Johnson, Sam Bennett, Adrian Kempe, Michael Bunting, Jeff Skinner, Pius Suter, Pierre Engvall, Michael Rasmussen, Jack Quinn
Custom OT Lines Defensemen
Morgan Rielly, Thomas Hickey, Noah Hanifin, Henri Jokiharju, Dylan Coghlan

Scratches
Rocco Grimaldi (Healthy), Drew Doughty (Bruised Left Arm Injury), Haydn Fleury (Torn Left MCL Injury)

SACRAMENTO BANDITS

5 vs 5 Forward 
   Center                   Left Wing                Right Wing               Time % Phy DF OF 
 1 Aleksander Barkov        Max Pacioretty           Alexander DeBrincat      39     0   2  3  
 2 Patrice Bergeron         Jonathan Huberdeau       Phil Kessel              31     0   2  3  
 3 Ryan Getzlaf             Carter Verhaeghe         Colton Sissons           23     0   4  1  
 4 Nicolas Aube-Kubel       Ryan Lomberg             Cal Clutterbuck          7      1   4  0  

5 vs 5 Defense 
   Defense                  Defense                                           Time % Phy DF OF 
 1 John Carlson             Brent Burns                                       41     0   1  4  
 2 Mikhail Sergachev        Zdeno Chara                                       33     0   4  1  
 3 Trevor van Riemsdyk      Niko Mikkola                                      26     0   4  1  
 4 John Carlson             Brent Burns                                       0      1   2  2  

PowerPlay Forward 
   Center                   Left Wing                Right Wing               Time % Phy DF OF 
 1 Aleksander Barkov        Jonathan Huberdeau       Phil Kessel              55     0   0  5  
 2 Patrice Bergeron         Max Pacioretty           Alexander DeBrincat      45     0   0  5  

PowerPlay Defense
   Defense                  Defense                                           Time % Phy DF OF 
 1 John Carlson             Brent Burns                                       55     0   0  5  
 2 Mikhail Sergachev        Carter Verhaeghe                                  45     0   0  5  

Penalty Kill 4 Players Forward 
   Center                   Wing                     Time % Phy DF OF 
 1 Aleksander Barkov        Jonathan Huberdeau       55     1   4  0  
 2 Patrice Bergeron         Max Pacioretty           45     1   4  0  

Penalty Kill 4 Players Defense
   Defense                  Defense                  Time % Phy DF OF 
 1 John Carlson             Brent Burns              55     1   4  0  
 2 Mikhail Sergachev        Zdeno Chara              45     1   4  0  

Penalty Kill - 3 Players Forward 
   Forward                                           Time % Phy DF OF 
 1 Aleksander Barkov                                 55     1   4  0  
 2 Patrice Bergeron                                  45     1   4  0  

Penalty Kill - 3 Players Defense
   Defense                  Defense                  Time % Phy DF OF 
 1 John Carlson             Brent Burns              55     1   4  0  
 2 Mikhail Sergachev        Zdeno Chara              45     1   4  0  

4 vs 4 Forward 
   Center                   Wing                     Time % Phy DF OF 
 1 Aleksander Barkov        Alexander DeBrincat      55     1   2  2  
 2 Patrice Bergeron         Max Pacioretty           45     1   2  2  

4 vs 4 Defense
   Defense                  Defense                  Time % Phy DF OF 
 1 John Carlson             Brent Burns              55     1   2  2  
 2 Mikhail Sergachev        Zdeno Chara              45     1   2  2  

Last Minutes Offensive
   Center                   Left Wing                Right Wing               Defense                  Defense                  
   Patrice Bergeron         Jonathan Huberdeau       Alexander DeBrincat      John Carlson             Brent Burns              

Last Minutes Defensive
   Center                   Left Wing                Right Wing               Defense                  Defense                  
   Patrice Bergeron         Jonathan Huberdeau       Alexander DeBrincat      John Carlson             Brent Burns              

Goaltenders
Starting : Jaroslav Halak           
Backup : Andrei Vasilevskiy       

Extra Forwards
Normal : Ryan Getzlaf, Carter Verhaeghe, Colton Sissons - PP : Ryan Getzlaf, Carter Verhaeghe - PK : Colton Sissons
Extra Defensemen
Normal : Trevor van Riemsdyk, Niko Mikkola, Mikhail Sergachev - PP : Trevor van Riemsdyk - PK : Niko Mikkola, Mikhail Sergachev
Penalty Shots
Patrice Bergeron, Aleksander Barkov, Jonathan Huberdeau, Max Pacioretty, Ryan Getzlaf
Custom OT Lines Forwards
Patrice Bergeron, Aleksander Barkov, Jonathan Huberdeau, Max Pacioretty, Ryan Getzlaf, Alexander DeBrincat, Carter Verhaeghe, Phil Kessel, Colton Sissons, Cal Clutterbuck
Custom OT Lines Defensemen
John Carlson, Brent Burns, Mikhail Sergachev, Zdeno Chara, Trevor van Riemsdyk

Scratches
None


% Time on Ice - ANAHEIM OUTLAWS

Lines # - Real PCT - Wanted PCT - Time Play
Normal Forward
1 - 31% - 36% - 14:06
2 - 27% - 31% - 12:19
3 - 28% - 23% - 12:51
4 - 15% - 10% - 6:51
Normal Defense
1 - 34% - 36% - 15:29
2 - 38% - 31% - 17:21
3 - 26% - 23% - 12:06
4 - 3% - 10% - 1:11
PP Forward
1 - 51% - 55% - 3:02
2 - 49% - 45% - 2:55
PP Defense
1 - 49% - 55% - 2:54
2 - 51% - 45% - 3:03
PK Forward
1 - 62% - 55% - 3:41
2 - 38% - 45% - 2:16
PK Defense
1 - 45% - 55% - 2:39
2 - 55% - 45% - 3:18
PK3 Forward
1 - 0% - 55%
2 - 0% - 45%
PK3 Defense
1 - 0% - 55%
2 - 0% - 45%
44 Forward
1 - 66% - 55% - 1:19
2 - 34% - 45% - 0:40
44 Defense
1 - 34% - 55% - 0:40
2 - 66% - 45% - 1:19
Last Minute Offensive  - 0:00
Last Minute Defensive  - 0:00
Total
Forward - 60:00
Defense - 60:00

% Time on Ice - SACRAMENTO BANDITS

Lines # - Real PCT - Wanted PCT - Time Play
Normal Forward
1 - 37% - 39% - 17:00
2 - 29% - 31% - 13:13
3 - 25% - 23% - 11:25
4 - 10% - 7% - 4:29
Normal Defense
1 - 41% - 41% - 18:41
2 - 33% - 33% - 15:13
3 - 25% - 26% - 11:24
4 - 2% - 0% - 0:49
PP Forward
1 - 48% - 55% - 2:52
2 - 52% - 45% - 3:05
PP Defense
1 - 48% - 55% - 2:51
2 - 52% - 45% - 3:06
PK Forward
1 - 59% - 55% - 3:29
2 - 41% - 45% - 2:28
PK Defense
1 - 57% - 55% - 3:22
2 - 43% - 45% - 2:35
PK3 Forward
1 - 0% - 55%
2 - 0% - 45%
PK3 Defense
1 - 0% - 55%
2 - 0% - 45%
44 Forward
1 - 76% - 55% - 1:31
2 - 24% - 45% - 0:28
44 Defense
1 - 24% - 55% - 0:28
2 - 76% - 45% - 1:31
Last Minute Offensive  - 0:00
Last Minute Defensive  - 0:00
Total
Forward - 60:00
Defense - 60:00

Play-by-Play

1st period


0:01 of 1st period - Aleksander Barkov wins face-off versus Evgeny Kuznetsov in neutral zone.
0:10 of 1st period - Shot by Aleksander Barkov.
0:10 of 1st period - Stopped by Mackenzie Blackwood with a rebound.
1:30 of 1st period - Shot by Michael Bunting.
1:30 of 1st period - Stopped by Jaroslav Halak with a rebound.
1:39 of 1st period - Patrice Bergeron is hit by Michael Bunting.
1:45 of 1st period - Shot by Jonathan Huberdeau.
1:45 of 1st period - Shot Blocked by Henri Jokiharju.
2:10 of 1st period - Shot by Carter Verhaeghe.
2:10 of 1st period - Stopped by Mackenzie Blackwood without a rebound.
2:11 of 1st period - Nicolas Aube-Kubel wins face-off versus Pius Suter in ANAHEIM OUTLAWS zone.
2:30 of 1st period - Shot by Cal Clutterbuck.
2:30 of 1st period - Stopped by Mackenzie Blackwood without a rebound.
2:31 of 1st period - Michael Rasmussen wins face-off versus Ryan Getzlaf in ANAHEIM OUTLAWS zone.
2:44 of 1st period - Shot by Michael Rasmussen.
2:44 of 1st period - Shot Blocked by Carter Verhaeghe.
2:46 of 1st period - Shot by Morgan Rielly.
2:46 of 1st period - Shot Blocked by John Carlson.
3:16 of 1st period - Carter Verhaeghe is hit by Morgan Rielly.
3:19 of 1st period - Icing by Morgan Rielly.
3:20 of 1st period - Michael Rasmussen wins face-off versus Max Pacioretty in ANAHEIM OUTLAWS zone.
4:01 of 1st period - Shot by Pius Suter.
4:01 of 1st period - Stopped by Jaroslav Halak without a rebound.
4:02 of 1st period - Evgeny Kuznetsov wins face-off versus Patrice Bergeron in SACRAMENTO BANDITS zone.
4:02 of 1st period - Kevin Fiala is hit by Niko Mikkola and loses puck.
4:11 of 1st period - Shot by Jonathan Huberdeau.
4:11 of 1st period - Stopped by Mackenzie Blackwood without a rebound.
4:12 of 1st period - Evgeny Kuznetsov wins face-off versus Jonathan Huberdeau in ANAHEIM OUTLAWS zone.
4:16 of 1st period - Minor Penalty to Patrice Bergeron for Interference.
4:17 of 1st period - Sam Bennett wins face-off versus Jonathan Huberdeau in SACRAMENTO BANDITS zone.
6:18 of 1st period - Minor Penalty to Niko Mikkola for Hooking.
6:19 of 1st period - Evgeny Kuznetsov wins face-off versus Jonathan Huberdeau in SACRAMENTO BANDITS zone.
7:45 of 1st period - Icing by Evgeny Kuznetsov.
7:46 of 1st period - Evgeny Kuznetsov wins face-off versus Patrice Bergeron in ANAHEIM OUTLAWS zone.
8:57 of 1st period - Icing by Trevor van Riemsdyk.
8:58 of 1st period - Ryan Getzlaf wins face-off versus Michael Rasmussen in SACRAMENTO BANDITS zone.
9:11 of 1st period - Thomas Hickey is hit by Ryan Getzlaf.
10:09 of 1st period - Aleksander Barkov is hit by Dylan Coghlan and loses puck.
10:30 of 1st period - Shot by Alexander DeBrincat.
10:30 of 1st period - Shot Misses the Net.
10:32 of 1st period - Shot by John Carlson.
10:32 of 1st period - Stopped by Mackenzie Blackwood without a rebound.
10:33 of 1st period - Patrice Bergeron wins face-off versus Evgeny Kuznetsov in ANAHEIM OUTLAWS zone.
11:03 of 1st period - Shot by Evgeny Kuznetsov.
11:03 of 1st period - Stopped by Jaroslav Halak without a rebound.
11:04 of 1st period - Sam Bennett wins face-off versus Nicolas Aube-Kubel in SACRAMENTO BANDITS zone.
11:55 of 1st period - Michael Bunting is hit by Ryan Lomberg and loses puck.
12:21 of 1st period - Minor Penalty to Henri Jokiharju for Tripping.
12:22 of 1st period - Aleksander Barkov wins face-off versus Evgeny Kuznetsov in ANAHEIM OUTLAWS zone.
13:27 of 1st period - Shot by Alexander DeBrincat.
13:27 of 1st period - Stopped by Mackenzie Blackwood without a rebound.
13:28 of 1st period - Patrice Bergeron wins face-off versus Sam Bennett in ANAHEIM OUTLAWS zone.
14:33 of 1st period - Shot by Nicolas Aube-Kubel.
14:33 of 1st period - Shot Blocked by Henri Jokiharju.
14:37 of 1st period - Shot by Ryan Lomberg.
14:37 of 1st period - Shot Hit the Post.
15:11 of 1st period - Colton Sissons is hit by Pius Suter and loses puck.
15:26 of 1st period - Shot by Michael Rasmussen.
15:26 of 1st period - Stopped by Jaroslav Halak without a rebound.
15:27 of 1st period - Evgeny Kuznetsov wins face-off versus Patrice Bergeron in SACRAMENTO BANDITS zone.
15:32 of 1st period - Shot by Kevin Fiala.
15:32 of 1st period - Deflect By Evgeny Kuznetsov.
15:32 of 1st period - Stopped by Jaroslav Halak without a rebound.
15:33 of 1st period - Aleksander Barkov wins face-off versus Kent Johnson in SACRAMENTO BANDITS zone.
15:44 of 1st period - Aleksander Barkov is hit by Henri Jokiharju and loses puck.
16:08 of 1st period - Icing by Kent Johnson.
16:09 of 1st period - Patrice Bergeron wins face-off versus Michael Rasmussen in ANAHEIM OUTLAWS zone.
16:13 of 1st period - Jonathan Huberdeau is hit by Henri Jokiharju and loses puck.
17:12 of 1st period - Icing by Max Pacioretty.
17:13 of 1st period - Evgeny Kuznetsov wins face-off versus Aleksander Barkov in SACRAMENTO BANDITS zone.
17:18 of 1st period - Shot by Kevin Fiala.
17:18 of 1st period - Shot Misses the Net.
17:30 of 1st period - Shot by Evgeny Kuznetsov.
17:30 of 1st period - Stopped by Jaroslav Halak without a rebound.
17:31 of 1st period - Michael Bunting wins face-off versus Colton Sissons in SACRAMENTO BANDITS zone.
17:31 of 1st period - Michael Bunting is hit by Zdeno Chara.
17:33 of 1st period - Shot by Jeff Skinner.
17:33 of 1st period - Shot Misses the Net.
17:43 of 1st period - Shot by Carter Verhaeghe.
17:43 of 1st period - Deflect By Ryan Getzlaf.
17:43 of 1st period - Stopped by Mackenzie Blackwood without a rebound.
17:44 of 1st period - Evgeny Kuznetsov wins face-off versus Max Pacioretty in ANAHEIM OUTLAWS zone.
18:31 of 1st period - Shot by Aleksander Barkov.
18:31 of 1st period - Shot Misses the Net.
18:33 of 1st period - Shot by John Carlson.
18:33 of 1st period - Goal by John Carlson - ANAHEIM OUTLAWS : 0 - SACRAMENTO BANDITS : 1.
18:34 of 1st period - Phil Kessel wins face-off versus Sam Bennett in neutral zone.
18:54 of 1st period - Patrice Bergeron is hit by Sam Bennett and loses puck.
18:58 of 1st period - Icing by Zdeno Chara.
18:59 of 1st period - Patrice Bergeron wins face-off versus Jack Quinn in SACRAMENTO BANDITS zone.
19:04 of 1st period - Pierre Engvall is hit by Patrice Bergeron and loses puck.
Goals for this period are 0 for ANAHEIM OUTLAWS vs 1 for SACRAMENTO BANDITS.
Shots for this period are 6 for ANAHEIM OUTLAWS vs 8 for SACRAMENTO BANDITS.

2nd period


0:01 of 2nd period - Adrian Kempe wins face-off versus Aleksander Barkov in neutral zone.
0:05 of 2nd period - Icing by Brent Burns.
0:06 of 2nd period - Kevin Fiala wins face-off versus Aleksander Barkov in SACRAMENTO BANDITS zone.
1:22 of 2nd period - Shot by Sam Bennett.
1:22 of 2nd period - Shot Blocked by Brent Burns.
1:48 of 2nd period - Shot by Patrice Bergeron.
1:48 of 2nd period - Stopped by Mackenzie Blackwood without a rebound.
1:49 of 2nd period - Pius Suter wins face-off versus Ryan Getzlaf in ANAHEIM OUTLAWS zone.
1:49 of 2nd period - Pius Suter is hit by Colton Sissons.
2:12 of 2nd period - Shot by Pius Suter.
2:12 of 2nd period - Shot Blocked by Trevor van Riemsdyk.
2:46 of 2nd period - Trevor van Riemsdyk is hit by Adrian Kempe and loses puck.
3:45 of 2nd period - Shot by Sam Bennett.
3:45 of 2nd period - Stopped by Jaroslav Halak without a rebound.
3:46 of 2nd period - Patrice Bergeron wins face-off versus Michael Rasmussen in SACRAMENTO BANDITS zone.
4:23 of 2nd period - Minor Penalty to Patrice Bergeron for High sticking.
4:23 of 2nd period - Minor Penalty to Zack MacEwen for Hooking.
4:24 of 2nd period - Evgeny Kuznetsov wins face-off versus Aleksander Barkov in ANAHEIM OUTLAWS zone.
5:38 of 2nd period - Shot by Adrian Kempe.
5:38 of 2nd period - Deflect By Sam Bennett.
5:38 of 2nd period - Shot Misses the Net.
5:40 of 2nd period - Shot by Sam Bennett.
5:40 of 2nd period - Shot Misses the Net.
5:50 of 2nd period - Shot by Sam Bennett.
5:50 of 2nd period - Deflect By Adrian Kempe.
5:50 of 2nd period - Shot Misses the Net.
5:54 of 2nd period - Shot by Adrian Kempe.
5:54 of 2nd period - Goal by Adrian Kempe - ANAHEIM OUTLAWS : 1 - SACRAMENTO BANDITS : 1.
5:55 of 2nd period - Evgeny Kuznetsov wins face-off versus Max Pacioretty in neutral zone.
7:00 of 2nd period - Icing by Morgan Rielly.
7:01 of 2nd period - Pius Suter wins face-off versus Ryan Getzlaf in ANAHEIM OUTLAWS zone.
7:01 of 2nd period - Pius Suter is hit by Colton Sissons.
7:07 of 2nd period - Shot by Jack Quinn.
7:07 of 2nd period - Stopped by Jaroslav Halak without a rebound.
7:08 of 2nd period - Ryan Getzlaf wins face-off versus Evgeny Kuznetsov in SACRAMENTO BANDITS zone.
8:09 of 2nd period - Icing by Max Pacioretty.
8:10 of 2nd period - Jeff Skinner wins face-off versus Aleksander Barkov in SACRAMENTO BANDITS zone.
8:29 of 2nd period - Shot by Jeff Skinner.
8:29 of 2nd period - Shot Blocked by Mikhail Sergachev.
8:48 of 2nd period - Jeff Skinner is hit by Mikhail Sergachev and loses puck.
9:02 of 2nd period - Icing by Mikhail Sergachev.
9:03 of 2nd period - Pius Suter wins face-off versus Aleksander Barkov in SACRAMENTO BANDITS zone.
9:05 of 2nd period - Minor Penalty to Zdeno Chara for Hooking.
9:06 of 2nd period - Aleksander Barkov wins face-off versus Evgeny Kuznetsov in SACRAMENTO BANDITS zone.
9:33 of 2nd period - Shot by Evgeny Kuznetsov.
9:33 of 2nd period - Shot Blocked by Brent Burns.
9:35 of 2nd period - Shot by Morgan Rielly.
9:35 of 2nd period - Shot Misses the Net.
9:37 of 2nd period - Shot by Morgan Rielly.
9:37 of 2nd period - Stopped by Jaroslav Halak with a rebound.
10:27 of 2nd period - Icing by Sam Bennett.
10:28 of 2nd period - Sam Bennett wins face-off versus Aleksander Barkov in ANAHEIM OUTLAWS zone.
11:27 of 2nd period - Carter Verhaeghe is hit by Ben Gleason and loses puck.
11:57 of 2nd period - Pierre Engvall is hit by Niko Mikkola and loses puck.
12:08 of 2nd period - Pius Suter is hit by Ryan Lomberg and loses puck.
12:25 of 2nd period - Shot by Cal Clutterbuck.
12:25 of 2nd period - Shot Misses the Net.
12:27 of 2nd period - Shot by Ryan Lomberg.
12:27 of 2nd period - Shot Misses the Net.
12:29 of 2nd period - Shot by Cal Clutterbuck.
12:29 of 2nd period - Shot Blocked by Morgan Rielly.
12:44 of 2nd period - Icing by Brent Burns.
12:45 of 2nd period - Patrice Bergeron wins face-off versus Evgeny Kuznetsov in SACRAMENTO BANDITS zone.
12:55 of 2nd period - Icing by Henri Jokiharju.
12:56 of 2nd period - Evgeny Kuznetsov wins face-off versus Aleksander Barkov in ANAHEIM OUTLAWS zone.
12:56 of 2nd period - Evgeny Kuznetsov is hit by Aleksander Barkov.
13:03 of 2nd period - Icing by Henri Jokiharju.
13:04 of 2nd period - Aleksander Barkov wins face-off versus Evgeny Kuznetsov in ANAHEIM OUTLAWS zone.
13:38 of 2nd period - Alexander DeBrincat is hit by Adrian Kempe and loses puck.
14:32 of 2nd period - Minor Penalty to Dylan Coghlan for Holding.
14:33 of 2nd period - Aleksander Barkov wins face-off versus Evgeny Kuznetsov in ANAHEIM OUTLAWS zone.
14:56 of 2nd period - Shot by Jonathan Huberdeau.
14:56 of 2nd period - Deflect By Aleksander Barkov.
14:56 of 2nd period - Shot Blocked by Morgan Rielly.
14:58 of 2nd period - Shot by Mikhail Sergachev.
14:58 of 2nd period - Shot Misses the Net.
15:00 of 2nd period - Shot by Jonathan Huberdeau.
15:00 of 2nd period - Stopped by Mackenzie Blackwood with a rebound.
15:02 of 2nd period - Shot by Jonathan Huberdeau.
15:02 of 2nd period - Shot Misses the Net.
15:38 of 2nd period - Patrice Bergeron is hit by Adrian Kempe.
16:11 of 2nd period - Shot by Carter Verhaeghe.
16:11 of 2nd period - Shot Misses the Net.
16:13 of 2nd period - Shot by Carter Verhaeghe.
16:13 of 2nd period - Stopped by Mackenzie Blackwood without a rebound.
16:14 of 2nd period - Aleksander Barkov wins face-off versus Evgeny Kuznetsov in ANAHEIM OUTLAWS zone.
16:15 of 2nd period - Shot by Jonathan Huberdeau.
16:15 of 2nd period - Stopped by Mackenzie Blackwood without a rebound.
16:16 of 2nd period - Patrice Bergeron wins face-off versus Sam Bennett in ANAHEIM OUTLAWS zone.
16:37 of 2nd period - Shot by Alexander DeBrincat.
16:37 of 2nd period - Stopped by Mackenzie Blackwood without a rebound.
16:38 of 2nd period - Pius Suter wins face-off versus Nicolas Aube-Kubel in ANAHEIM OUTLAWS zone.
17:06 of 2nd period - Shot by Pierre Engvall.
17:06 of 2nd period - Shot Misses the Net.
17:08 of 2nd period - Shot by Thomas Hickey.
17:08 of 2nd period - Goal by Thomas Hickey - ANAHEIM OUTLAWS : 2 - SACRAMENTO BANDITS : 1.
17:09 of 2nd period - Evgeny Kuznetsov wins face-off versus Phil Kessel in neutral zone.
17:12 of 2nd period - Shot by Kevin Fiala.
17:12 of 2nd period - Shot Misses the Net.
17:28 of 2nd period - Trevor van Riemsdyk is hit by Adrian Kempe and loses puck.
17:45 of 2nd period - Shot by Jonathan Huberdeau.
17:45 of 2nd period - Shot Misses the Net.
18:11 of 2nd period - Shot by Sam Bennett.
18:11 of 2nd period - Stopped by Jaroslav Halak without a rebound.
18:12 of 2nd period - Aleksander Barkov wins face-off versus Pius Suter in SACRAMENTO BANDITS zone.
18:12 of 2nd period - Aleksander Barkov is hit by Pius Suter.
18:34 of 2nd period - Shot by Aleksander Barkov.
18:34 of 2nd period - Shot Misses the Net.
18:46 of 2nd period - Shot by Pierre Engvall.
18:46 of 2nd period - Stopped by Jaroslav Halak without a rebound.
18:47 of 2nd period - Ryan Getzlaf wins face-off versus Sam Bennett in SACRAMENTO BANDITS zone.
19:09 of 2nd period - Shot by Ryan Getzlaf.
19:09 of 2nd period - Shot Misses the Net.
19:11 of 2nd period - Shot by Carter Verhaeghe.
19:11 of 2nd period - Shot Misses the Net.
19:13 of 2nd period - Shot by Carter Verhaeghe.
19:13 of 2nd period - Shot Misses the Net.
19:23 of 2nd period - Shot by Ryan Getzlaf.
19:23 of 2nd period - Stopped by Mackenzie Blackwood without a rebound.
19:24 of 2nd period - Aleksander Barkov wins face-off versus Evgeny Kuznetsov in ANAHEIM OUTLAWS zone.
19:46 of 2nd period - Shot by Alexander DeBrincat.
19:46 of 2nd period - Stopped by Mackenzie Blackwood without a rebound.
19:47 of 2nd period - Pius Suter wins face-off versus Jonathan Huberdeau in ANAHEIM OUTLAWS zone.
19:54 of 2nd period - Shot by Pius Suter.
19:54 of 2nd period - Shot Misses the Net.
Goals for this period are 2 for ANAHEIM OUTLAWS vs 0 for SACRAMENTO BANDITS.
Shots for this period are 7 for ANAHEIM OUTLAWS vs 7 for SACRAMENTO BANDITS.

3rd period


0:01 of 3rd period - Sam Bennett wins face-off versus Alexander DeBrincat in neutral zone.
0:26 of 3rd period - Shot by Jeff Skinner.
0:26 of 3rd period - Shot Blocked by Brent Burns.
0:46 of 3rd period - Shot by Aleksander Barkov.
0:46 of 3rd period - Shot Misses the Net.
0:48 of 3rd period - Shot by Brent Burns.
0:48 of 3rd period - Shot Misses the Net.
1:44 of 3rd period - Shot by Evgeny Kuznetsov.
1:44 of 3rd period - Goal by Evgeny Kuznetsov - ANAHEIM OUTLAWS : 3 - SACRAMENTO BANDITS : 1.
1:45 of 3rd period - Ryan Getzlaf wins face-off versus Pius Suter in neutral zone.
2:50 of 3rd period - Shot by Adrian Kempe.
2:50 of 3rd period - Shot Blocked by Max Pacioretty.
2:53 of 3rd period - Icing by John Carlson.
2:54 of 3rd period - Aleksander Barkov wins face-off versus Sam Bennett in SACRAMENTO BANDITS zone.
2:54 of 3rd period - Aleksander Barkov is hit by Sam Bennett.
3:28 of 3rd period - Shot by Aleksander Barkov.
3:28 of 3rd period - Goal by Aleksander Barkov - ANAHEIM OUTLAWS : 3 - SACRAMENTO BANDITS : 2.
3:29 of 3rd period - Patrice Bergeron wins face-off versus Evgeny Kuznetsov in neutral zone.
4:43 of 3rd period - Shot by Ryan Getzlaf.
4:43 of 3rd period - Shot Misses the Net.
4:45 of 3rd period - Shot by Colton Sissons.
4:45 of 3rd period - Shot Misses the Net.
5:47 of 3rd period - Shot by Alexander DeBrincat.
5:47 of 3rd period - Stopped by Mackenzie Blackwood without a rebound.
5:48 of 3rd period - Patrice Bergeron wins face-off versus Sam Bennett in ANAHEIM OUTLAWS zone.
5:49 of 3rd period - Shot by Jonathan Huberdeau.
5:49 of 3rd period - Shot Blocked by Morgan Rielly.
6:15 of 3rd period - Shot by Patrice Bergeron.
6:15 of 3rd period - Stopped by Mackenzie Blackwood with a rebound.
6:24 of 3rd period - Jonathan Huberdeau is hit by Ben Gleason and loses puck.
7:05 of 3rd period - Shot by Ryan Getzlaf.
7:05 of 3rd period - Shot Misses the Net.
7:07 of 3rd period - Shot by John Carlson.
7:07 of 3rd period - Shot Blocked by Dylan Coghlan.
7:09 of 3rd period - Shot by Carter Verhaeghe.
7:09 of 3rd period - Shot Misses the Net.
7:26 of 3rd period - Icing by Pierre Engvall.
7:27 of 3rd period - Pius Suter wins face-off versus Aleksander Barkov in ANAHEIM OUTLAWS zone.
7:58 of 3rd period - Off-side.
7:59 of 3rd period - Michael Rasmussen wins face-off versus Patrice Bergeron in neutral zone.
8:06 of 3rd period - Shot by Kent Johnson.
8:06 of 3rd period - Stopped by Jaroslav Halak without a rebound.
8:07 of 3rd period - Patrice Bergeron wins face-off versus Sam Bennett in SACRAMENTO BANDITS zone.
8:20 of 3rd period - Shot by Jonathan Huberdeau.
8:20 of 3rd period - Shot Misses the Net.
8:26 of 3rd period - Shot by Jonathan Huberdeau.
8:26 of 3rd period - Stopped by Mackenzie Blackwood without a rebound.
8:27 of 3rd period - Aleksander Barkov wins face-off versus Michael Rasmussen in ANAHEIM OUTLAWS zone.
8:27 of 3rd period - Max Pacioretty is hit by Noah Hanifin and loses puck.
8:43 of 3rd period - Icing by Henri Jokiharju.
8:44 of 3rd period - Patrice Bergeron wins face-off versus Michael Rasmussen in ANAHEIM OUTLAWS zone.
8:50 of 3rd period - Icing by Henri Jokiharju.
8:51 of 3rd period - Aleksander Barkov wins face-off versus Michael Rasmussen in ANAHEIM OUTLAWS zone.
9:02 of 3rd period - John Carlson is hit by Zack MacEwen and loses puck.
9:08 of 3rd period - Alexander DeBrincat is hit by Zack MacEwen and loses puck.
9:55 of 3rd period - Minor Penalty to Zack MacEwen for Holding.
9:56 of 3rd period - Evgeny Kuznetsov wins face-off versus Aleksander Barkov in ANAHEIM OUTLAWS zone.
10:37 of 3rd period - Shot by Evgeny Kuznetsov.
10:37 of 3rd period - Stopped by Jaroslav Halak without a rebound.
10:38 of 3rd period - Patrice Bergeron wins face-off versus Adrian Kempe in SACRAMENTO BANDITS zone.
10:55 of 3rd period - Shot by John Carlson.
10:55 of 3rd period - Stopped by Mackenzie Blackwood without a rebound.
10:56 of 3rd period - Patrice Bergeron wins face-off versus Evgeny Kuznetsov in ANAHEIM OUTLAWS zone.
12:13 of 3rd period - Icing by Trevor van Riemsdyk.
12:14 of 3rd period - Michael Rasmussen wins face-off versus Nicolas Aube-Kubel in SACRAMENTO BANDITS zone.
12:15 of 3rd period - Shot by Kent Johnson.
12:15 of 3rd period - Stopped by Jaroslav Halak without a rebound.
12:16 of 3rd period - Evgeny Kuznetsov wins face-off versus Ryan Getzlaf in SACRAMENTO BANDITS zone.
12:19 of 3rd period - Shot by Kevin Fiala.
12:19 of 3rd period - Shot Misses the Net.
12:21 of 3rd period - Shot by Kevin Fiala.
12:21 of 3rd period - Stopped by Jaroslav Halak with a rebound.
12:23 of 3rd period - Shot by Adrian Kempe.
12:23 of 3rd period - Shot Misses the Net.
12:25 of 3rd period - Shot by Kevin Fiala.
12:25 of 3rd period - Deflect By Evgeny Kuznetsov.
12:25 of 3rd period - Shot Blocked by Mikhail Sergachev.
12:27 of 3rd period - Shot by Noah Hanifin.
12:27 of 3rd period - Shot Misses the Net.
12:29 of 3rd period - Shot by Adrian Kempe.
12:29 of 3rd period - Stopped by Jaroslav Halak with a rebound.
12:31 of 3rd period - Shot by Kevin Fiala.
12:31 of 3rd period - Stopped by Jaroslav Halak without a rebound.
12:32 of 3rd period - Sam Bennett wins face-off versus Patrice Bergeron in SACRAMENTO BANDITS zone.
12:41 of 3rd period - Shot by Patrice Bergeron.
12:41 of 3rd period - Stopped by Mackenzie Blackwood without a rebound.
12:42 of 3rd period - Evgeny Kuznetsov wins face-off versus Aleksander Barkov in ANAHEIM OUTLAWS zone.
13:00 of 3rd period - Shot by Evgeny Kuznetsov.
13:00 of 3rd period - Stopped by Jaroslav Halak without a rebound.
13:01 of 3rd period - Patrice Bergeron wins face-off versus Sam Bennett in SACRAMENTO BANDITS zone.
14:25 of 3rd period - Adrian Kempe is hit by Alexander DeBrincat and loses puck.
14:38 of 3rd period - Shot by Kevin Fiala.
14:38 of 3rd period - Shot Hit the Post.
14:40 of 3rd period - Shot by Kevin Fiala.
14:40 of 3rd period - Goal by Kevin Fiala - ANAHEIM OUTLAWS : 4 - SACRAMENTO BANDITS : 2.
14:41 of 3rd period - Pius Suter wins face-off versus Carter Verhaeghe in neutral zone.
15:04 of 3rd period - Shot by Ryan Getzlaf.
15:04 of 3rd period - Deflect By Carter Verhaeghe.
15:04 of 3rd period - Shot Blocked by Pierre Engvall.
15:09 of 3rd period - Icing by Noah Hanifin.
15:10 of 3rd period - Pius Suter wins face-off versus Cal Clutterbuck in ANAHEIM OUTLAWS zone.
15:10 of 3rd period - Pius Suter is hit by Nicolas Aube-Kubel.
16:17 of 3rd period - Pius Suter is hit by Zdeno Chara and loses puck.
16:50 of 3rd period - Shot by Sam Bennett.
16:50 of 3rd period - Stopped by Jaroslav Halak without a rebound.
16:51 of 3rd period - Patrice Bergeron wins face-off versus Evgeny Kuznetsov in SACRAMENTO BANDITS zone.
17:02 of 3rd period - Shot by Jonathan Huberdeau.
17:02 of 3rd period - Stopped by Mackenzie Blackwood without a rebound.
17:03 of 3rd period - Ryan Getzlaf wins face-off versus Sam Bennett in ANAHEIM OUTLAWS zone.
17:28 of 3rd period - Sam Bennett is hit by Colton Sissons and loses puck.
17:53 of 3rd period - Sam Bennett is hit by Ryan Getzlaf and loses puck.
18:14 of 3rd period - Shot by Kevin Fiala.
18:14 of 3rd period - Stopped by Jaroslav Halak without a rebound.
18:15 of 3rd period - Aleksander Barkov wins face-off versus Evgeny Kuznetsov in SACRAMENTO BANDITS zone.
18:22 of 3rd period - Shot by Aleksander Barkov.
18:22 of 3rd period - Shot Blocked by Kevin Fiala.
18:38 of 3rd period - Shot by Alexander DeBrincat.
18:38 of 3rd period - Shot Blocked by Thomas Hickey.
18:40 of 3rd period - Shot by Aleksander Barkov.
18:40 of 3rd period - Shot Misses the Net.
19:12 of 3rd period - Icing by Alexander DeBrincat.
19:13 of 3rd period - Aleksander Barkov wins face-off versus Pius Suter in SACRAMENTO BANDITS zone.
19:38 of 3rd period - Shot by Jonathan Huberdeau.
19:38 of 3rd period - Stopped by Mackenzie Blackwood with a rebound.
Goals for this period are 2 for ANAHEIM OUTLAWS vs 1 for SACRAMENTO BANDITS.
Shots for this period are 11 for ANAHEIM OUTLAWS vs 8 for SACRAMENTO BANDITS.


NATHAN
MACKINNON
PHILLIP
DANAULT
CONNOR
MCDAVID

EAST COAST

HOCKEY LEAGUE

  • 25.QUE4CHI5
  • 26.CHA2LIM3
  • 27.TRV2LON3
  • 28.CHW4BAL2
  • 29.PITMAN
  • 30.ATLNHW
  • 31.WORPET
  • 32.RHI